 Dungeon Crawl Stone Soup version 0.26-a0-845-gfacbca91cf (webtiles) character file.

Game seed: 5467804599268198573

1389 Kinoniko the Slasher (level 9, 0/91 HPs)
             Began as a Halfling Fighter on Nov 19, 2020.
             Killed by divine providence
             ... invoked by an orc priest
              (15 damage)
             ... on level 6 of the Dungeon.
             The game lasted 00:05:11 (5303 turns).

Kinoniko the Slasher (Halfling Fighter)             Turns: 5303, Time: 00:05:13

Health: 0/91       AC: 24    Str: 18 (19) XL:     9   Next: 0%
Magic:  9/9        EV:  3    Int:  4 (6)  God:
Gold:   194        SH:  6    Dex: 13 (15) Spells: 8/8 levels left

rFire    + . .     SeeInvis .   a - +0 long sword
rCold    + . .     Faith    .   p - +0 buckler
rNeg     + + +     Spirit   .   (armour currently unavailable)
rPois    +         Reflect  .   (helmet currently unavailable)
rElec    +         Harm     .   (cloak currently unavailable)
rCorr    +         Rampage  .   (gloves currently unavailable)
MR       .....     NoTele   +   (boots currently unavailable)
Stlth    +.........             n - amulet of the acrobat
HPRegen  0.25/turn              (no ring)
MPRegen  0.11/turn              (no ring)

@: tree-form, resistant, attractive
A: small, mutation resistance 1
a: no special abilities


You were on level 6 of the Dungeon.
You were a tree.
You visited 1 branch of the dungeon, and saw 6 of its levels.

You collected 194 gold pieces.

Inventory:

Hand Weapons
 a - a +0 long sword (weapon)
Armour
 b - a +0 scale mail
 c - a +0 kite shield
 f - a +0 chain mail (melded)
 m - a +0 cloak (melded)
 o - a +0 hat (melded)
 p - a +0 buckler (worn)
 z - a +0 pair of boots (melded)
 A - the cursed +1 leather armour of Kleptomania {-Tele Str+2 Int+2}
   (You found it on level 4 of the Dungeon)

   It affects your strength (+2).
   It affects your intelligence (+2).
   It prevents most forms of teleportation.
   It has a curse placed upon it.
Jewellery
 n - an amulet of the acrobat (around neck)
 B - an uncursed ring of positive energy {unknown}
Scrolls
 e - a scroll of immolation {unknown}
 i - 5 scrolls of teleportation
 j - 3 scrolls of remove curse {unknown}
 l - 7 scrolls of identify
 t - 2 scrolls of magic mapping {unknown}
 v - a scroll of enchant weapon {unknown}
 x - a scroll of amnesia {unknown}
 y - a scroll of blinking {unknown}
 D - a scroll of fear {unknown}
 E - a scroll of noise {unknown}
 F - a scroll of random uselessness {unknown}
Potions
 g - 2 potions of brilliance
 q - a potion of ambrosia
 r - a potion of attraction
 u - 2 potions of lignification


   Skills:
 + Level 5.4 Fighting
 * Level 7.6 Long Blades
 - Level 3.2 Armour
 + Level 6.5 Shields


You had 8 spell levels left.
You didn't know any spells.
Your spell library was empty.

Dungeon Overview and Level Annotations

Branches:
Dungeon (6/15)
 Temple: D:4-7

Altars:
Qazlal
Xom

Shops:
D:4 !


Innate Abilities, Weirdness & Mutations

You are small and have problems with some larger weapons.
You are somewhat resistant to further mutation.


Message History

You are too injured to fight recklessly!
You feel protected. You block the orc wizard's attack.
The orc priest hits you but does no damage.
You block the orc priest's attack.
You are too injured to fight recklessly!
You hit the orc wizard.
The orc wizard is heavily wounded.
The orc wizard casts a spell at you.
You easily resist.
The orc priest completely misses you.
You riposte.
You slash the orc priest!
The orc priest is heavily wounded.
The orc priest hits you but does no damage.
You hit the orc priest.
The orc priest is severely wounded.
You block the orc wizard's attack.
The orc priest miscasts a cantrip.
The orc priest calls down the wrath of Beogh upon you.
Beogh smites you!
You die...

## #. #.
.######
#.....#
#.....#
#<....#
#o♣o$.#
#.†o...#
#?.......#
....##.(...#
..## #.....#
. #.....#
###.### .#


You could see 2 orc priests and an orc wizard.

Vanquished Creatures
  Edmund (D:4)
  Duvessa (D:4)
  A phantom (D:5)
  4 ogres
  2 centaurs (D:5)
  Dowan (D:4)
  A scorpion (D:4)
  2 hounds (D:5)
  2 bullfrog skeletons
  2 orc priests (D:5)
  A jelly (D:5)
  3 worker ants
  Terence (D:3)
  An iguana (D:5)
  An orc wizard (D:5)
  5 adders
  An ufetubus (D:5)
  An ooze (D:2)
  An adder zombie (D:5)
  3 worms
  4 dart slugs
  2 leopard geckos
  5 orcs
  9 bats
  2 giant cockroaches
  6 goblins
  6 hobgoblins
  A quokka (D:3)
  3 ball pythons (D:1)
  4 frilled lizards
  8 kobolds
  8 rats
93 creatures vanquished.

Notes
Turn   | Place    | Note
-------+----------+-------------------------------------------
     0 | D:1      | Kinoniko the Halfling Fighter began the quest for the Orb.
     0 | D:1      | Reached XP level 1. HP: 15/15 MP: 1/1
   205 | D:1      | Reached XP level 2. HP: 16/20 MP: 2/2
   840 | D:1      | Reached XP level 3. HP: 25/25 MP: 3/3
  1179 | D:2      | Reached skill level 3 in Long Blades
  1236 | D:2      | Reached XP level 4. HP: 30/31 MP: 4/4
  1245 | D:2      | Found a shimmering altar of Xom.
  2124 | D:3      | Reached XP level 5. HP: 36/36 MP: 5/5
  2222 | D:3      | Noticed Terence
  2241 | D:3      | Killed Terence
  2550 | D:4      | Reached skill level 4 in Long Blades
  2705 | D:4      | Found Cujitz's Distillery.
  2768 | D:4      | Noticed Edmund
  2830 | D:4      | Killed Edmund
  2831 | D:4      | Reached XP level 6. HP: 20/43 MP: 6/6
  2870 | D:4      | Got a crude leather armour
  2872 | D:4      | Identified the cursed +1 leather armour of Kleptomania
                  | {-Tele Str+2 Int+2} (You found it on level 4 of the
                  | Dungeon)
  3155 | D:4      | Reached skill level 5 in Long Blades
  3432 | D:4      | Noticed an ogre
  3442 | D:4      | HP: 2/43 [ogre/+0 giant club (14)]
  3443 | D:4      | Killed an ogre
  3444 | D:4      | Reached skill level 5 in Shields
  3444 | D:4      | Reached XP level 7. HP: 3/48 MP: 7/7
  3749 | D:4      | Noticed Duvessa
  3749 | D:4      | Noticed Dowan
  3757 | D:4      | Killed Duvessa
  3760 | D:4      | Killed Dowan
  4127 | D:5      | Entered Level 5 of the Dungeon
  4171 | D:5      | Reached skill level 6 in Long Blades
  4171 | D:5      | Reached XP level 8. HP: 46/54 MP: 8/8
  4734 | D:5      | Reached skill level 5 in Fighting
  4734 | D:5      | Reached skill level 7 in Long Blades
  5077 | D:5      | Found a stormy altar of Qazlal.
  5183 | D:5      | Reached XP level 9. HP: 59/61 MP: 9/9
  5303 | D:6      | Killed from afar by an orc priest

Illustrated notes

Levels and vault maps discovered:
D:1:      lemuel_arrival_cross, layout_basic
D:2:      layout_loops_cross, minmay_hexomino_r4
D:3:      layout_loops_cross, uniq_terence
D:4:      layout_loops_corners, serial_shops, nicolae_shop_trees, uniq_duvessa,
          uniq_edmund
D:5:      layout_cave_pools, grunt_qazlal_clouds, water_boxes_lemuel
D:6:      layout_rooms, serial_glass, glass_columns_a, glass_columns_a,
          okawaru_ov_weapons_minmay

Skill      XL: |  1  2  3  4  5  6  7  8 |
---------------+-------------------------+-----
Fighting       | 3 4 5 |  5.4
Long Blades    | 3 4 5 6 7 |  7.6
Shields        | 4 5 6 |  6.5
Armour         | |  3.2

Action                   |  1- 3 |  4- 6 |  7- 9 || total
-------------------------+-------+-------+-------++-------
Melee: Long sword        |    95 |   188 |   169 ||   452
  Use: Potion            |       |     5 |     9 ||    14
       Scroll            |       |     2 |       ||     2
Armor: Scale mail        |     6 |       |       ||     6
       Chain mail        |    40 |    80 |    90 ||   210
       Skin              |       |       |     5 ||     5
Dodge: Dodged            |    23 |    54 |    84 ||   161
Block: Kite shield       |    58 |    10 |       ||    68
       Buckler           |       |    59 |    56 ||   115
       Rpst.: Long sword |     7 |    13 |    25 ||    45

Table legend: (Time is in decaauts)
 A = Elapsed time spent in this place.
 B = Non-inter-level travel time spent in this place.
 C = Inter-level travel time spent in this place.
 D = Time resting spent in this place.
 E = Time spent auto-exploring this place.
 F = Levels seen in this place.
 G = Mean time per level.
                   A        B        C        D        E       F      G
               +--------+--------+--------+--------+--------+-----+--------+
         Total |   5386 |   5172 |    214 |    424 |   3840 |   6 |  897.7 |
       Dungeon |   5386 |   5172 |    214 |    424 |   3840 |   6 |  897.7 |
               +--------+--------+--------+--------+--------+-----+--------+

Top non-repeatable levels by time:
     D:4: 1623 daAuts
     D:5: 1151 daAuts
     D:1: 1054 daAuts
     D:2: 881 daAuts
     D:3: 643 daAuts
     D:6: 32 daAuts
